 Dungeon Crawl Stone Soup version 0.22-a0-354-g30dfbe6 (webtiles) character file.

966 4thArraOfDagon the Firebug (level 8, -1/61 HPs)
             Began as an Octopode Fire Elementalist on Apr 16, 2018.
             Slain by an adder (3 damage)
             ... on level 5 of the Dungeon.
             The game lasted 00:09:51 (1963 turns).

4thArraOfDagon the Firebug (OpFE)                   Turns: 1963, Time: 00:09:51

Health: -1/61      AC:  1    Str: 13    XL:     8   Next: 15%
Magic:  14/14      EV: 13    Int: 19    God:
Gold:   238        SH:  0    Dex: 12    Spells: 2/15 levels left

rFire    . . .     SeeInvis .   h - +0 long sword (freeze)
rCold    . . .     Gourm    .   (no shield)
rNeg     . . .     Faith    .   (helmet restricted)
rPois    .         Spirit   .   (no amulet)
rElec    .         Reflect  .   (no ring)
rCorr    .         Harm     .   (no ring)
MR       ++...                  (no ring)
Stlth    ..........             (no ring)
HPRegen  0.20/turn              (no ring)
MPRegen  0.14/turn              (no ring)
                                (no ring)
                                (no ring)

@: berserking (expiring), lethally poisoned (-1 -> -2), very quick
A: almost no armour, stealthy swim, amphibious, 8 rings, constrict 8, camouflage
1, frail 1, magic resistance 2, gelatinous body 1
a: no special abilities


You were on level 5 of the Dungeon.
You were not hungry.

You visited 1 branch of the dungeon, and saw 8 of its levels.

You collected 238 gold pieces.

Inventory:

Hand Weapons
 d - a +1 dagger of freezing
 h - a +0 long sword of freezing (weapon)
Wands
 j - a wand of acid (2)
Scrolls
 a - 2 scrolls of identify
 i - a scroll of random uselessness
Potions
 c - 3 potions of curing
 e - 2 potions of heal wounds
 g - a potion of berserk rage
Comestibles
 b - 5 rations


   Skills:
 - Level 2.0 Dodging
 - Level 2.6 Stealth
 + Level 4.1 Spellcasting
 * Level 5.7 Conjurations
 * Level 6.5 Fire Magic


You had 2 spell levels left.
You knew the following spells:

 Your Spells              Type           Power        Failure   Level  Hunger
a - Flame Tongue          Conj/Fire      ####.        1%          1    None
b - Conjure Flame         Conj/Fire      ####....     3%          3    ###....
c - Sticky Flame          Conj/Fire      ####....     11%         4    ####...
d - Fireball              Conj/Fire      ####......   30%         5    ######.


Dungeon Overview and Level Annotations

Branches:
Dungeon (8/15)
 Temple: D:4-7         Lair: D:8-11

Altars:
Dithmenos
Hepliaklqana
Kikubaaqudgha
Qazlal
The Shining One

Annotations:
D:3 Sigmund, Terence
D:6 exclusion: phantom


Innate Abilities, Weirdness & Mutations

You cannot wear most types of armour.
You are very stealthy in the water. (Stealth+)
You are amphibious.
You can wear up to eight rings at the same time.
You can use your tentacles to constrict eight enemies at once.
Your skin changes colour to match your surroundings (Stealth+).
Your rubbery body absorbs attacks. (AC +1, EV +1)
You are frail. (-10% HP)
You are highly resistant to hostile enchantments. (MR++)


Message History

You closely miss the adder. You grab the adder. You squeeze the adder!
The adder is severely wounded.
You constrict the adder.
You kill the adder!
You constrict the orc priest. The adder bites you.
* * * LOW HITPOINT WARNING * * *
The adder bites you.
* * * LOW HITPOINT WARNING * * *
You are poisoned.
The adder poisons you!
The orc priest invokes the aid of Beogh against you.
Beogh smites you!
* * * LOW HITPOINT WARNING * * *
Unknown command.
You slash the adder! You freeze the adder.
You kill the adder!
You constrict the orc priest.
You kill the orc priest!
You feel sick. The adder bites you.
You die...

#########
#.......#
##........
#.........
#.........
#.........
#..)......
#)@...<.?.
#.{S....##
##....###.....
##..##......
#..........
#........#
#.......##
#........#
#........#


You could see an adder.

Vanquished Creatures
  Pikel (D:4)
  A sky beast (D:6)
  2 slaves (D:4)
  An ogre (D:7)
  A scorpion (D:5)
  An orc priest (D:5)
  A hound (D:5)
  A bullfrog skeleton (D:5)
  An orc wizard (D:3)
  3 worker ants
  2 hound skeletons
  3 adders
  An adder skeleton (D:6)
  2 worms
  3 dart slugs
  3 leopard geckos
  3 orcs
  2 bats (D:2)
  A giant cockroach (D:7)
  3 goblins
  5 hobgoblins
  7 jackals
  2 quokkas
  4 frilled lizards
  4 kobolds
  A leopard gecko skeleton (D:4)
  A bush (D:3)
60 creatures vanquished.

Vanquished Creatures (others)
  7 toadstools (D:1)
7 creatures vanquished.

Grand Total: 67 creatures vanquished

Notes
Turn   | Place    | Note
-------+----------+-------------------------------------------
     0 | D:1      | 4thArraOfDagon the Octopode Fire Elementalist began the quest for the Orb.
     0 | D:1      | Reached XP level 1. HP: 11/11 MP: 3/3
   188 | D:1      | Reached XP level 2. HP: 10/17 MP: 0/5
   256 | D:2      | Reached XP level 3. HP: 5/21 MP: 2/6
   261 | D:2      | Learned a level 3 spell: Conjure Flame
   391 | D:3      | Noticed Sigmund
   391 | D:3      | Noticed Terence
   884 | D:3      | Reached XP level 4. HP: 11/27 MP: 3/7
   890 | D:3      | Learned a level 4 spell: Sticky Flame
  1023 | D:3      | Found a stormy altar of Qazlal.
  1023 | D:3      | Found an ancient bone altar of Kikubaaqudgha.
  1023 | D:3      | Found a glowing golden altar of the Shining One.
  1133 | D:4      | Noticed Pikel
  1133 | D:4      | Noticed a slave
  1133 | D:4      | Noticed a slave
  1133 | D:4      | Noticed a slave
  1144 | D:4      | Noticed a slave
  1150 | D:4      | Reached skill level 4 in Fire Magic
  1152 | D:4      | Gained mutation: You are frail. (-10% HP) [potion of mutation]
  1152 | D:4      | Gained mutation: You are resistant to hostile enchantments. (MR+) [potion of mutation]
  1152 | D:4      | Gained mutation: You are highly resistant to hostile enchantments. (MR++) [potion of mutation]
  1184 | D:4      | Killed a slave
  1188 | D:4      | Killed Pikel
  1188 | D:4      | Reached skill level 5 in Fire Magic
  1188 | D:4      | Reached XP level 5. HP: 10/27 MP: 2/10
  1188 | D:4      | Reached XP level 6. HP: 12/32 MP: 2/11
  1188 | D:4      | Reached XP level 7. HP: 13/36 MP: 2/12
  1195 | D:4      | Learned a level 5 spell: Fireball
  1198 | D:4      | Found a shadowy altar of Dithmenos.
  1290 | D:5      | Entered Level 5 of the Dungeon
  1405 | D:5      | Reached skill level 5 in Conjurations
  1482 | D:5      | You fall through a shaft for 3 floors!
  1602 | D:7      | Reached skill level 6 in Fire Magic
  1707 | D:6      | Found a hazy altar of Hepliaklqana.
  1810 | D:7      | Reached XP level 8. HP: 37/41 MP: 1/14
  1962 | D:5      | HP: 3/61 [orc priest/divine providence (11)]
  1963 | D:5      | Slain by an adder

Vault maps used:
D:1:      nagdon_arrival_double_spiral
D:2:      marbit_many_paths, first_ration
D:3:      gammafunk_temple_overflow_forgotten, st_stairs_14, uniq_sigmund,
          uniq_terence
D:4:      nicolae_dithmenos_through_a_glass_darkly, elyvilon_altar_3,
          uniq_pikel, uniq_duvessa
D:5:      overflow_temple_1_default, minmay_temple_entry_oklob,
          portal_sewer_entry_f
D:6:      overflow_temple_1_default
D:7:      grunt_livestock
D:8:      cheibriados_altar_1

Skill      XL: |  1  2  3  4  5  6  7 |
---------------+----------------------+-----
Conjurations   | 2 4 5 |  5.7
Fire Magic     | 5 6 |  6.5
Spellcasting   | 3 4 |  4.1
Dodging        | |  2.0
Stealth        | |  2.6

Action                   |  1- 3 |  4- 6 |  7- 9 || total
-------------------------+-------+-------+-------++-------
Melee: Unarmed           |    19 |       |       ||    19
       Constrict         |    10 |     2 |     6 ||    18
       Dagger            |    39 |   132 |    15 ||   186
       Tentacles         |     9 |    30 |     8 ||    47
       Long sword        |       |       |    10 ||    10
 Cast: Flame Tongue      |    35 |     2 |    27 ||    64
       Conjure Flame     |       |     2 |     2 ||     4
       Sticky Flame      |       |       |     6 ||     6
Evoke: Wand              |       |     3 |     1 ||     4
  Use: Potion            |     1 |     3 |     1 ||     5
       Scroll            |       |       |     4 ||     4
 Stab: Sleeping          |     2 |       |     1 ||     3
  Eat: Ration            |       |     1 |       ||     1
       Chunk             |       |       |     2 ||     2
Armor: Skin              |     3 |     1 |     5 ||     9
Dodge: Dodged            |    28 |     7 |    32 ||    67
       Rpst.: Long sword |       |       |     6 ||     6

Table legend:
 A = Spawn XP
 B = Non-spawn XP
 C = Spawn XP percentage of total XP
 D = Spawn monster count
 E = Non-spawn monster count
 F = Spawn count percentage of total count
 G = Total turns spent on level
                    A         B        C        D         E        F      G
               +---------+---------+-------+---------+---------+-------+---------
         Total |       0 |    1381 |   0.0 |       0 |      57 |   0.0 |  1963
               +---------+---------+-------+---------+---------+-------+---------
           D:1 |       0 |      16 |   0.0 |       0 |       9 |   0.0 |   233
           D:2 |       0 |      47 |   0.0 |       0 |      15 |   0.0 |   423
           D:3 |       0 |      54 |   0.0 |       0 |       6 |   0.0 |   470
           D:4 |       0 |     645 |   0.0 |       0 |       7 |   0.0 |   164
           D:5 |       0 |     248 |   0.0 |       0 |      10 |   0.0 |   202
           D:6 |       0 |     139 |   0.0 |       0 |       4 |   0.0 |   190
           D:7 |       0 |     199 |   0.0 |       0 |       5 |   0.0 |   228
           D:8 |       0 |      33 |   0.0 |       0 |       1 |   0.0 |    53
               +---------+---------+-------+---------+---------+-------+---------
